Unix NetHack Version 5.0.0-0 post-release - last build Jun 10 2026 00:39:30 (3ee93aec679c4c4259841fe613dc97188e26a321,branch:main).

Game began 2026-06-22 15:01:20, ended 2026-06-22 15:20:58.

Drastanta, lawful male human Samurai

                                       --   ----
                                       |.-- |..|
                                       |...--..| ----      -
                                       |.......---..---  -.|               --
                                  --  --..............---..|          -   ..|
                               -- |.............--..*.....-           .   ..|
                          --   .| --..........-----......--------     .- ...--
                          |.  |.|  |....|.....|   |........|.|..|     .--....--
                          |.. |.|  -------.----   ---...........|     ........|
                          |.. |.--       --        --...........|     .......-
                          |...|..---               |.........<.--   --.....-
                      -----.-......--              --.......[..| ----.....--
                      |.............|         -------..........---.|.......|
                    |..    |.......--         |........................-- -----
                    ---    --.|..)--       ----.-.--............P.....------..|
                            . ---.|       --.|......................@.........|
                           |.   |.---------................----.......----...--
                           .    |..--....%..|..........|..--  ---..----  |.---
                          --    |)....--------.|.|.|..-----     ----     ---
                                -------      ----------
Drastanta the Ninja    St:12 Dx:16 Co:18 In:10 Wi:9 Ch:6  Lawful
Dlvl:8  $:51 HP:0(56) Pw:17(17) AC:1  Xp:6 T:1836  Burdened

Latest messages:
 Never mind.
 You are now more skilled in long sword.
 Hachi picks up a dwarvish cloak.
 Hachi bites the black unicorn.
 The black unicorn butts Hachi.
 The black unicorn misses Hachi.
 Hachi drops a dwarvish cloak.
 You hit the gnome.
 You kill the gnome!
 The gnome misses!
 You kill the gnome!
 You learn more about your items by comparing them.
 g - an uncursed gunyoki (3 in total).
 You hear some noises in the distance.
 The gnome shoots 2 crossbow bolts!
 The 1st crossbow bolt misses you.
 The 2nd crossbow bolt misses you.
 The gnome swings his crossbow.
 The gnome hits!
 You kill the gnome!
 The statue comes to life!
 The soldier wields a dagger!
 The soldier thrusts his dagger.
 The soldier hits!
 You hit the soldier!
 The soldier thrusts his dagger.
 The soldier hits!
 Are you sure you want to pray? [yn] (n) y
 You begin praying to Amaterasu Omikami.
 You are surrounded by a shimmering light.
 The soldier starts to attack you, but pulls back.
 The soldier starts to attack you, but pulls back.
 You finish your prayer.
 You feel that Amaterasu Omikami is well-pleased.
 What do you want to read? [o or ?*] ?
 What do you want to read? [o or ?*] <enter>
 Never mind.
 What do you want to read? [o or ?*] o
 As you read the scroll, it disappears.
 You materialize in a different location!
 You see here a black potion.
 v - a black potion.
 You hear some noises in the distance.
 KAABLAMM!!!  You triggered a land mine!
 Your movements are slowed slightly because of your load.
 You hear the howling of the CwnAnnwn...
 You fall into a pit!
 You die...
 Do you want your possessions identified? [ynq] (y) y
 Do you want to see your attributes? [ynq] (y) q

Inventory:
 Coins    ('$')
  $ - 51 gold pieces
 Amulets  ('"')
  q - an uncursed amulet of flying
 Weapons  (')')
  d - 27 +0 ya (in quiver)
  c - a +0 yumi (alternate weapon; not wielded)
  a - a blessed +0 katana (weapon in right hand)
  b - a +0 wakizashi
 Armor    ('[')
  l - an uncursed +0 dwarvish iron helm (being worn)
  i - an uncursed +0 pair of low boots (being worn)
  e - an uncursed rustproof +0 splint mail (being worn)
 Comestibles  ('%')
  n - an uncursed candy bar labeled "Berry Bar"
  g - 3 uncursed gunyoki
  s - 2 uncursed tripe rations
 Scrolls  ('?')
  o - an uncursed scroll of teleportation
 Potions  ('!')
  j - 2 uncursed potions of healing
  v - an uncursed potion of restore ability
  H - a potion of holy water
 Wands    ('/')
  h - a wand of fire (0:4)
 Tools    ('(')
  t - an expensive camera (0:38)
  p - an uncursed tallow candle

Drastanta the Samurai's attributes:

Background:
 You were a Ninja, a level 6 male human Samurai.
 You were lawful, on a mission for Amaterasu Omikami
 who was opposed by Raijin (neutral) and Susanowo (chaotic).
 You were right-handed.
 You were in the Gnomish Mines, on level 8.
 You entered the dungeon 1836 turns ago.
 You had 607 experience points, 33 more were needed to attain level 7.

Basics:
 You had 0 out of 56 hit points.
 You had all 17 energy points (spell power).
 Your armor class was 1.
 Your wallet contained 51 zorkmids.
 Autopickup was on for '$' plus thrown.

Final Characteristics:
 Your strength was 12 (peak:15, limit:18/100).
 Your dexterity was 16 (base:17, limit:18).
 Your constitution was 18 (limit:18).
 Your intelligence was 10 (limit:18).
 Your wisdom was 9 (limit:18).
 Your charisma was 6 (limit:18).

Final Status:
 You were trapped in a pit.
 You had wounded legs.
 You weren't hungry.
 You were burdened; movement was slightly slowed.
 You were wielding a long sword.
 You were skilled in long sword.

Final Attributes:
 You were devoutly aligned.
 You were warded.
 You were fast.
 You are dead.

Miscellaneous:
 You encountered 1 bones level.
 Total elapsed playing time was 19 minutes and 33 seconds.

Major events:
 Turn
    1: Drastanta the lawful male human Samurai entered the dungeon
  700: entered the Gnomish Mines
  735: attained the rank of Ronin (level 3)
 1292: attained the rank of Ninja (level 6)
 1417: reached Mine Town
 1836: fell into a pit

You didn't know any spells.

Skills:
 Fighting Skills
   martial arts      [Basic]
   two weapon combat [Unskilled]
   riding            [Unskilled]
 Weapon Skills
   dagger            [Unskilled]
   knife             [Unskilled]
   short sword       [Basic]
   broadsword        [Unskilled]
   long sword        [Skilled]
   two-handed sword  [Unskilled]
   saber             [Unskilled]
   flail             [Unskilled]
   quarterstaff      [Unskilled]
   polearms          [Unskilled]
   spear             [Unskilled]
   lance             [Unskilled]
   bow               [Basic]
   shuriken          [Unskilled]
 Spellcasting Skills
   attack spells     [Unskilled]
   divination spells [Unskilled]
   clerical spells   [Unskilled]

Voluntary challenges:
 Character rerolling was not enabled.
 You never genocided any monsters.
 You never polymorphed an object.
 You never changed form.
 You used no wishes.
Achievements:
 You entered a shop.
 You entered the Gnomish Mines.
 You attained the rank of Ronin.
 You attained the rank of Ninja.
 You entered Minetown.
 You entered a temple.

 The Dungeons of Doom: levels 1 to 4
    Level 1:
       A fountain.
    Level 2:
       A food shop, a grave.
    Level 3:
       A fountain.
       Stairs down to The Gnomish Mines.
    Level 4:
       Final resting place for
          Trystero-Pri-Elf-Fem-Cha, killed by a giant bat.
 The Gnomish Mines: levels 4 to 8
    Level 4:
    Level 5:
    Level 6:
    Level 7:
       Many shops, a temple and an altar, some fountains.
    Level 8: <- You were here.
       Final resting place for
          you, fell into a pit.


Vanquished creatures:
  a giant mimic
  a small mimic
  a jaguar
  a rock mole
  a yellow light
  6 gnome leaders
  4 gnomish wizards
  2 dwarves
  a giant bat
 an iguana
  a hobbit
  4 giant rats
  3 cave spiders
 29 gnomes
  a gnome zombie
  3 jackals
  a goblin
  7 grid bugs
  a lichen
  a kobold zombie
  3 newts
73 creatures vanquished.

No species were genocided or became extinct.

Game over:
                       ----------
                      /          \
                     /    REST    \
                    /      IN      \
                   /     PEACE      \
                  /                  \
                  |    Drastanta     |
                  |      51 Au       |
                  | fell into a pit  |
                  |                  |
                  |                  |
                  |                  |
                  |       2026       |
                 *|     *  *  *      | *
        _________)/\\_//(\/(/\)/\//\/|_)_______

Sayonara Drastanta the Samurai...

You died in The Gnomish Mines on dungeon level 8 with 2844 points,
and 51 pieces of gold, after 1836 moves.
You were level 6 with a maximum of 56 hit points when you died.

